3AA
ATLANTIC CITY SONICS @ FT. POLK SOUTH THUNDER HAWKS
07/25/2021
 
TOP OF THE 1ST
Atlantic City Sonics batting - Pitching for Ft. Polk South Thunder Hawks : RHP Marc Graham
Pitching: RHP Marc Graham
Batting: LHB Mark Evans 0-0: Called Strike
0-1: Swinging Strike
0-2: Ball
1-2: SINGLE (Groundball, 34D) (infield hit)
Batting: RHB Bob Ethridge 0-0: Ball
Mark Evans steals 2nd base
1-0: DOUBLE (Line Drive, 3L)
Mark Evans scores
Batting: RHB Bartolo Morales 0-0: Foul Ball, location: 2F
0-1: Ball
1-1: Foul Ball, location: 2F
1-2: Foul Ball, location: 2F
1-2: Ball
2-2: Strikes out swinging
Batting: RHB Martín Álvarez 0-0: Reached on error, E6 (Groundball, 6)
Bob Ethridge to third
Batting: LHB Pedro López 0-0: Called Strike
0-1: Ball
1-1: Swinging Strike
1-2: Ball
2-2: Strikes out looking
Batting: RHB Stephen Blair 0-0: Called Strike
0-1: Called Strike
0-2: Foul Ball, location: 2F
0-2: SINGLE (Flyball, 78S)
Bob Ethridge scores
Martín Álvarez to second
Batting: LHB Kip Burks 0-0: Called Strike
0-1: Ball
1-1: Ball
Balk!
Martín Álvarez to third
Stephen Blair to second
2-1: SINGLE (Groundball, 34D)
Martín Álvarez scores
Stephen Blair to third
Runner from 3rd tries for Home, SAFE, no throw or cutoff
Batting: RHB Brad Jacobson 0-0: Called Strike
0-1: Ball
1-1: Called Strike
1-2: Ground out 6-3 (Groundball, 6M)
Top of the 1st over - 4 run(s), 4 hit(s), 1 error(s), 1 left on base; Atlantic City 4 - Ft. Polk South 0
BOTTOM OF THE 1ST
Ft. Polk South Thunder Hawks batting - Pitching for Atlantic City Sonics : RHP William MacKnight
Pitching: RHP William MacKnight
Batting: LHB Jim Unknown 0-0: Called Strike
0-1: Ball
1-1: Swinging Strike
1-2: Foul Ball, location: 2F
1-2: Strikes out swinging
Batting: RHB Steven Grant 0-0: Called Strike
0-1: Ball
1-1: Swinging Strike
1-2: Strikes out looking
Batting: RHB Héctor López 0-0: Ball
1-0: Foul Ball, location: 2F
1-1: Fly out, F9 (Popup, 9S)
Bottom of the 1st over - 0 run(s), 0 hit(s), 0 error(s), 0 left on base; Atlantic City 4 - Ft. Polk South 0
TOP OF THE 2ND
Atlantic City Sonics batting - Pitching for Ft. Polk South Thunder Hawks : RHP Marc Graham
Batting: RHB Luis Garza 0-0: Ball
1-0: Foul Ball, location: 2F
1-1: Ball
2-1: Fly out, F7 (Flyball, 7S)
Batting: LHB Mark Evans 0-0: Called Strike
0-1: Ground out 1-3 (Groundball, 13S)
Batting: RHB Bob Ethridge 0-0: Ball
1-0: Called Strike
1-1: Foul Ball, location: 2F
1-2: Ball
2-2: Ball
3-2: Ground out 6-3 (Groundball, 6)
Top of the 2nd over - 0 run(s), 0 hit(s), 0 error(s), 0 left on base; Atlantic City 4 - Ft. Polk South 0
BOTTOM OF THE 2ND
Ft. Polk South Thunder Hawks batting - Pitching for Atlantic City Sonics : RHP William MacKnight
Batting: SHB Ted Hansen 0-0: Called Strike
0-1: Ball
1-1: Swinging Strike
1-2: Ball
2-2: Strikes out swinging
Batting: RHB Alfredo González 0-0: Foul Ball, location: 2F
0-1: Ball
1-1: Foul Ball, location: 2F
1-2: Ball
2-2: Strikes out swinging
Batting: SHB Paul Wright 0-0: Ball
1-0: Ball
2-0: SINGLE (Groundball, 4MD)
Batting: RHB Clark Calhoun 0-0: Ball
Paul Wright is caught stealing 2nd base
Bottom of the 2nd over - 0 run(s), 1 hit(s), 0 error(s), 0 left on base; Atlantic City 4 - Ft. Polk South 0
TOP OF THE 3RD
Atlantic City Sonics batting - Pitching for Ft. Polk South Thunder Hawks : RHP Marc Graham
Batting: RHB Bartolo Morales 0-0: Called Strike
0-1: Ball
1-1: Ball
2-1: Foul Ball, location: 2F
2-2: SOLO HOME RUN (Flyball, 7D), Distance : 363 ft
Batting: RHB Martín Álvarez 0-0: Called Strike
0-1: SINGLE (Flyball, 9S)
Batting: LHB Pedro López 0-0: Ball
1-0: Fly out, F7 (Flyball, 78S)
Batting: RHB Stephen Blair 0-0: Ball
1-0: Swinging Strike
1-1: Ball
2-1: Ball
3-1: Swinging Strike
3-2: Grounds into double play, U6-3 (Groundball, 6M)
Top of the 3rd over - 1 run(s), 2 hit(s), 0 error(s), 0 left on base; Atlantic City 5 - Ft. Polk South 0
BOTTOM OF THE 3RD
Ft. Polk South Thunder Hawks batting - Pitching for Atlantic City Sonics : RHP William MacKnight
Batting: RHB Clark Calhoun 0-0: Foul Ball, location: 2F
0-1: Ball
1-1: Called Strike
1-2: Foul Ball, location: 2F
1-2: Ball
2-2: Strikes out swinging
Batting: RHB Henry Weber 0-0: Called Strike
0-1: Called Strike
0-2: Fly out, F7 (Line Drive, 78D)
Batting: RHB Tim Norris 0-0: Ball
1-0: Ball
2-0: Called Strike
2-1: Ball
3-1: Base on Balls
Batting: LHB Jim Unknown 0-0: Ground out 4-3 (Groundball, 4)
Bottom of the 3rd over - 0 run(s), 0 hit(s), 0 error(s), 1 left on base; Atlantic City 5 - Ft. Polk South 0
TOP OF THE 4TH
Atlantic City Sonics batting - Pitching for Ft. Polk South Thunder Hawks : RHP Marc Graham
Batting: LHB Kip Burks 0-0: Called Strike
0-1: Ball
1-1: Ball
2-1: Ball
3-1: Called Strike
3-2: SINGLE (Groundball, 4MD)
Batting: RHB Brad Jacobson 0-0: Ball
1-0: Swinging Strike
1-1: Ball
2-1: Ball
3-1: Grounds into double play, 6-4-3 (Groundball, 6)
Batting: RHB Luis Garza 0-0: Foul Ball, location: 2F
0-1: Ball
1-1: Called Strike
1-2: Ball
2-2: Ball
3-2: Ground out 6-3 (Groundball, 6)
Top of the 4th over - 0 run(s), 1 hit(s), 0 error(s), 0 left on base; Atlantic City 5 - Ft. Polk South 0
BOTTOM OF THE 4TH
Ft. Polk South Thunder Hawks batting - Pitching for Atlantic City Sonics : RHP William MacKnight
Batting: RHB Steven Grant 0-0: Swinging Strike
0-1: Swinging Strike
0-2: Ball
1-2: Foul Ball, location: 2F
1-2: Foul Ball, location: 2F
1-2: Ball
2-2: Strikes out swinging
Batting: RHB Héctor López 0-0: Called Strike
0-1: Called Strike
0-2: Ball
1-2: DOUBLE (Line Drive, 5D)
Batting: SHB Ted Hansen 0-0: Called Strike
0-1: Ball
1-1: Ground out U3 (Groundball, 3)
Héctor López to third
Batting: RHB Alfredo González 0-0: Ball
1-0: Ground out 3-1 (Groundball, 34S)
Bottom of the 4th over - 0 run(s), 1 hit(s), 0 error(s), 1 left on base; Atlantic City 5 - Ft. Polk South 0
TOP OF THE 5TH
Atlantic City Sonics batting - Pitching for Ft. Polk South Thunder Hawks : RHP Marc Graham
Batting: LHB Mark Evans 0-0: Called Strike
0-1: Ball
1-1: Ball
2-1: Called Strike
2-2: Fly out, F5 (Popup, 5SF)
Batting: RHB Bob Ethridge 0-0: Ball
1-0: Ball
2-0: Ground out 4-3 (Groundball, 4)
Batting: RHB Bartolo Morales 0-0: DOUBLE (Line Drive, 7LS)
Batting: RHB Martín Álvarez 0-0: Called Strike
0-1: Ball
1-1: Ball
2-1: SINGLE (Line Drive, 56)
Bartolo Morales to third
Runner from 3rd tries for Home, throw and OUT!
Top of the 5th over - 0 run(s), 2 hit(s), 0 error(s), 1 left on base; Atlantic City 5 - Ft. Polk South 0
BOTTOM OF THE 5TH
Ft. Polk South Thunder Hawks batting - Pitching for Atlantic City Sonics : RHP William MacKnight
Batting: SHB Paul Wright 0-0: Fly out, F8 (Flyball, 8LD)
Batting: RHB Clark Calhoun 0-0: Ground out 1-3 (Groundball, 15)
Batting: RHB Henry Weber 0-0: Called Strike
0-1: SINGLE (Groundball, 4MS)
Batting: RHB Tim Norris 0-0: Foul Ball, location: 2F
0-1: Swinging Strike
0-2: Ball
1-2: Strikes out swinging
Bottom of the 5th over - 0 run(s), 1 hit(s), 0 error(s), 1 left on base; Atlantic City 5 - Ft. Polk South 0
TOP OF THE 6TH
Atlantic City Sonics batting - Pitching for Ft. Polk South Thunder Hawks : RHP Marc Graham
Batting: LHB Pedro López 0-0: Ball
1-0: Foul Ball, location: 2F
1-1: Ground out 5-3 (Groundball, 56)
Batting: RHB Stephen Blair 0-0: Fly out, F3 (Popup, 3F)
Batting: LHB Kip Burks 0-0: Ball
1-0: Foul Ball, location: 2F
1-1: Ball
2-1: Foul Ball, location: 2F
2-2: Strikes out swinging
Top of the 6th over - 0 run(s), 0 hit(s), 0 error(s), 0 left on base; Atlantic City 5 - Ft. Polk South 0
BOTTOM OF THE 6TH
Ft. Polk South Thunder Hawks batting - Pitching for Atlantic City Sonics : RHP William MacKnight
Batting: LHB Jim Unknown 0-0: Ball
1-0: Ball
2-0: Ground out 3-1 (Groundball, 3L)
Batting: RHB Steven Grant 0-0: Ball
1-0: Swinging Strike
1-1: Called Strike
1-2: Ball
2-2: Strikes out swinging
Batting: RHB Héctor López 0-0: Ground out 4-3 (Groundball, 4)
Bottom of the 6th over - 0 run(s), 0 hit(s), 0 error(s), 0 left on base; Atlantic City 5 - Ft. Polk South 0
TOP OF THE 7TH
Atlantic City Sonics batting - Pitching for Ft. Polk South Thunder Hawks : RHP Marc Graham
Batting: RHB Brad Jacobson 0-0: Ball
1-0: Swinging Strike
1-1: Called Strike
1-2: Fly out, F9 (Flyball, 89M)
Batting: RHB Luis Garza 0-0: Swinging Strike
0-1: Swinging Strike
0-2: Ball
1-2: Ball
2-2: Ball
3-2: Foul Ball, location: 2F
3-2: Strikes out swinging passed ball, reaches first!
Batting: LHB Mark Evans 0-0: Called Strike
0-1: Swinging Strike
0-2: Ball
1-2: Ball
2-2: Fly out, F7 (Flyball, 7M)
Batting: RHB Bob Ethridge 0-0: Fly out, F9 (Flyball, 9LS)
Top of the 7th over - 0 run(s), 0 hit(s), 0 error(s), 1 left on base; Atlantic City 5 - Ft. Polk South 0
BOTTOM OF THE 7TH
Ft. Polk South Thunder Hawks batting - Pitching for Atlantic City Sonics : RHP William MacKnight
Batting: SHB Ted Hansen 0-0: Called Strike
0-1: Swinging Strike
0-2: Ball
1-2: Ball
2-2: SINGLE (Line Drive, 6MD)
Batting: RHB Alfredo González 0-0: Called Strike
0-1: Ball
1-1: Ball
2-1: Called Strike
2-2: Strikes out swinging
Batting: SHB Paul Wright 0-0: Fly out, F4 (Line Drive, 4)
Batting: RHB Clark Calhoun 0-0: Called Strike
0-1: Ball
1-1: Fly out, F6 (Line Drive, 6)
Bottom of the 7th over - 0 run(s), 1 hit(s), 0 error(s), 1 left on base; Atlantic City 5 - Ft. Polk South 0
TOP OF THE 8TH
Atlantic City Sonics batting - Pitching for Ft. Polk South Thunder Hawks : RHP Marc Graham
Batting: RHB Bartolo Morales 0-0: Fly out, F8 (Flyball, 8RM)
Batting: RHB Martín Álvarez 0-0: Ball
1-0: Foul Ball, location: 2F
1-1: Foul Ball, location: 2F
1-2: Ball
2-2: Ball
3-2: Base on Balls
Batting: LHB Pedro López 0-0: Ball
Martín Álvarez is caught stealing 2nd base
1-0: Fly out, F5 (Popup, 56S)
Top of the 8th over - 0 run(s), 0 hit(s), 0 error(s), 0 left on base; Atlantic City 5 - Ft. Polk South 0
BOTTOM OF THE 8TH
Ft. Polk South Thunder Hawks batting - Pitching for Atlantic City Sonics : RHP William MacKnight
Batting: RHB Henry Weber 0-0: Foul Ball, location: 2F
0-1: Foul Ball, location: 2F
0-2: Foul Ball, location: 2F
0-2: Ball
1-2: Strikes out swinging
Batting: RHB Tim Norris 0-0: Called Strike
0-1: Ground out 5-3 (Groundball, 5L)
Batting: LHB Jim Unknown 0-0: Called Strike
0-1: Ground out 2-3 (Groundball, 25)
Bottom of the 8th over - 0 run(s), 0 hit(s), 0 error(s), 0 left on base; Atlantic City 5 - Ft. Polk South 0
TOP OF THE 9TH
Atlantic City Sonics batting - Pitching for Ft. Polk South Thunder Hawks : RHP Marc Graham
Batting: RHB Stephen Blair 0-0: Ball
1-0: Ball
2-0: Swinging Strike
2-1: SINGLE (Groundball, 6MD) (infield hit)
Pitching: RHP Johnny Allen
Batting: LHB Kip Burks 0-0: Sac Bunt - play at first, batter OUT! 1-3
Stephen Blair to second
Batting: RHB Brad Jacobson 0-0: Ball
1-0: 2-RUN HOME RUN (Line Drive, 78XD), Distance : 379 ft
Batting: RHB Luis Garza 0-0: Swinging Strike
0-1: Foul Ball, location: 2F
0-2: Ball
1-2: Ball
2-2: Foul Ball, location: 2F
2-2: Foul Ball, location: 2F
2-2: Foul Ball, location: 2F
2-2: Strikes out swinging
Batting: LHB Mark Evans 0-0: Ball
1-0: Foul Ball, location: 2F
1-1: Fly out, F5 (Popup, 5SF)
Top of the 9th over - 2 run(s), 2 hit(s), 0 error(s), 0 left on base; Atlantic City 7 - Ft. Polk South 0
BOTTOM OF THE 9TH
Ft. Polk South Thunder Hawks batting - Pitching for Atlantic City Sonics : RHP William MacKnight
Now at C: Steven Johnson
Now at 1B: David Snyder
Now in CF: Marty Hayden
Batting: RHB Steven Grant 0-0: Ball
1-0: Called Strike
1-1: Ball
2-1: Ground out 6-3 (Groundball, 6M)
Batting: RHB Héctor López 0-0: Ball
1-0: Called Strike
1-1: SINGLE (Groundball, 4MD)
Batting: SHB Ted Hansen 0-0: Fly out, F9 (Flyball, 9M)
Batting: RHB Alfredo González 0-0: Ball
1-0: Foul Ball, location: 2F
1-1: Foul Ball, location: 2F
1-2: Fly out, F9 (Flyball, 9S)
Bottom of the 9th over - 0 run(s), 1 hit(s), 0 error(s), 1 left on base; Atlantic City 7 - Ft. Polk South 0
This league is powered by Out of the Park Baseball, the baseball management simulation game for PC, Mac and Linux
Friday, January 22nd, 2016 - OOTP Baseball 16.9 Build 39